 Dungeon Crawl Stone Soup version 0.22-a0-803-gd6d8abe (webtiles) character file.

746891 Amnesiac the Archmage (level 27, -13/224 HPs)
             Began as a Mummy Earth Elementalist on July 22, 2018.
             Was the Champion of Vehumet.
             Killed from afar by an orb of fire (25 damage)
             ... with a fireball
             ... on level 5 of the Realm of Zot.
             The game lasted 02:38:27 (78991 turns).

Amnesiac the Archmage (Mummy Earth Elementalist)   Turns: 78991, Time: 02:38:27

Health: -13/224    AC: 16    Str: 13 (14) XL:     27
Magic:  34/82      EV: 25    Int: 39      God:    Vehumet [******]
Gold:   4301       SH: 15    Dex: 14 (15) Spells: 23/80 levels left

rFire    + + .     SeeInvis .   a - staff of earth
rCold    + + .     Gourm    .   l - +2 shield of Resistance {rF+ rC+ MR+}
rNeg     + + +     Faith    .   i - +2 robe {Archmagi}
rPois    ∞         Spirit   .   F - +3 hat of Pondering {ponderous, MR+ MP+10 Int+5}
rElec    .         Reflect  .   w - +2 cloak {rF+}
rCorr    .         Harm     +   u - +2 pair of gloves {archery}
MR       +++++                  O - +2 pair of boots {Stlth+}
Stlth    ++++......             J - amulet of harm
HPRegen  0.47/turn              t - ring "Qaanu" {+Fly rF+ MP+9 Str+3 Int+4}
MPRegen  0.48/turn              r - ring "Ygaymp" {MP+9 Int+5}

@: about to teleport, deflect missiles, slow
A: no food or potions, fire vulnerability, cold resistance 1, negative energy
resistance 3, torment resistance, unbreathing, in touch with death 2
}: 3/15 runes: barnacled, silver, gossamer
a: Renounce Religion, Evoke Flight


You were on level 5 of the Realm of Zot.
You worshipped Vehumet.
Vehumet was exalted by your worship.
You were not hungry.

You visited 12 branches of the dungeon, and saw 54 of its levels.
You visited 2 bazaars.
You also visited: Trove, Ice Cave and Volcano.

You collected 10612 gold pieces.
You spent 6311 gold pieces at shops.

Inventory:

Hand Weapons
 b - the +1 hand crossbow "Baagiac" {venom, +Blink Stlth+}
   (You found it on level 3 of the Vaults)

   It poisons the ammo it fires.
   It lets you blink.
   It makes you more stealthy.
Armour
 f - a +2 cloak
 g - a +2 cloak
 i - a +2 robe of the Archmagi (worn)
 j - a +1 cloak
 l - the +2 shield of Resistance (worn) {rF+ rC+ MR+}
   (You found it on level 4 of the Dungeon)

   It protects you from fire.
   It protects you from cold.
   It affects your resistance to hostile enchantments.
 q - a +1 cloak
 u - a +2 pair of gloves of archery (worn)
 w - a +2 cloak of fire resistance (worn)
 F - the +3 hat of Pondering (worn) {ponderous, MR+ MP+10 Int+5}
   (You bought it in a shop in a bazaar)

   It affects your intelligence (+5).
   It affects your resistance to hostile enchantments.
   It affects your magic capacity (+10).
 K - a +2 cloak
 N - the -4 pair of boots of Suguih {rElec rC- rCorr}
   (You found it on level 1 of the Vaults)

   It makes you vulnerable to cold.
   It insulates you from electricity.
   It provides partial protection from all sources of acid and corrosion.
 O - a +2 pair of boots of stealth (worn)
Magical Staves
 a - an uncursed staff of earth (weapon)
Jewellery
 r - the ring "Ygaymp" (right hand) {MP+9 Int+5}
   (You found it on level 5 of the Vaults)

   [ring of magical power]

   It affects your intelligence (+5).
   It affects your magic capacity (+9).
 s - the ring "Cemnas" {+Fly MR+ Str+4}
   (You found it in a treasure trove)

   [ring of flight]

   It affects your strength (+4).
   It affects your resistance to hostile enchantments.
   It lets you fly.
 t - the ring "Qaanu" (left hand) {+Fly rF+ MP+9 Str+3 Int+4}
   (You found it in a treasure trove)

   [ring of flight]

   It affects your strength (+3).
   It affects your intelligence (+4).
   It protects you from fire.
   It affects your magic capacity (+9).
   It lets you fly.
 J - an amulet of harm (around neck)
 R - an uncursed ring of wizardry
 Y - the ring of Olatin {rElec Dex-2 SInv}
   (You found it on level 3 of the Crypt)

   [ring of dexterity]

   It affects your dexterity (-2).
   It insulates you from electricity.
   It lets you see invisible.
Wands
 k - a wand of paralysis (51)
 p - a wand of disintegration (34)
 x - a wand of enslavement (101)
 C - a wand of digging (44)
 E - a wand of iceblast (11)
 G - a wand of acid (53)
 H - a wand of clouds (11)
 U - a wand of scattershot (2)
Scrolls
 c - 11 scrolls of fog {!r}
 d - 29 scrolls of teleportation {!r}
 e - 7 scrolls of blinking {!r}
 h - 14 scrolls of magic mapping {!r}
 m - 5 scrolls of amnesia {!r}
 n - 5 scrolls of enchant weapon {!r}
 o - 3 scrolls of torment {!r}
 v - 28 scrolls of identify {!r}
 A - 14 scrolls of remove curse {!r}
 B - 2 scrolls of vulnerability {!r}
 I - 2 scrolls of summoning {!r}
 L - 4 scrolls of fear {!r}
 M - 3 scrolls of silence {!r}
 Z - a scroll of enchant armour {!r}
Miscellaneous
 y - a sack of spiders
 z - a lightning rod (4/4)
 D - a crystal ball of energy
 P - a lamp of fire
 S - 2 phantom mirrors
 T - a phial of floods
 W - a fan of gales


   Skills:
 + Level 20.2 Fighting
 - Level 12.0 Staves
 + Level 18.9 Dodging
 - Level 4.0 Stealth
 - Level 15.0 Shields
 O Level 27 Spellcasting
 - Level 4.0 Conjurations
 - Level 4.0 Charms
 - Level 0.7 Transmutations
 - Level 4.0 Air Magic
 + Level 24.3 Earth Magic
 + Level 8.8 Evocations


You had 23 spell levels left.
You knew the following spells:

 Your Spells              Type           Power        Failure   Level  Hunger
a - Lehudib's Crystal Sp  Conj/Erth      #########.   1%          8    N/A
b - Passwall              Tmut/Erth      ########     0%          2    N/A
c - Swiftness             Chrm/Air       #######.     1%          2    N/A
d - Lee's Rapid Deconstr  Erth           #########.   0%          5    N/A
e - Shatter               Erth           #########.   1%          9    N/A
f - Summon Butterflies    Summ           ######..     1%          1    N/A
g - Bolt of Magma         Conj/Fire/Erth ########..   1%          5    N/A
h - Irradiate             Conj/Tmut      #######...   1%          5    N/A
i - Apportation           Tloc           ######       1%          1    N/A
j - Iron Shot             Conj/Erth      #########.   1%          6    N/A
k - Ozocubu's Armour      Chrm/Ice       #######.     1%          3    N/A
w - Petrify               Tmut/Erth      ########     1%          4    N/A
z - Deflect Missiles      Chrm/Air       #######...   10%         6    N/A

Your spell library contained the following spells:

 Spells                   Type           Power        Failure   Level  Hunger
 Cause Fear               Hex            ######....   3%          4    N/A
 Fireball                 Conj/Fire      #######...   1%          5    N/A
 Conjure Flame            Conj/Fire      #######.     1%          3    N/A
 Bolt of Fire             Conj/Fire      #######...   6%          6    N/A
 Bolt of Cold             Conj/Ice       #######...   6%          6    N/A
 Lightning Bolt           Conj/Air       #######...   1%          5    N/A
 Invisibility             Hex            ######..     45%         6    N/A
 Throw Flame              Conj/Fire      ######       1%          2    N/A
 Throw Frost              Conj/Ice       ######       1%          2    N/A
 Controlled Blink         Tloc           N/A          100%        8    N/A
 Freezing Cloud           Conj/Ice/Air   #######...   4%          6    N/A
 Death's Door             Chrm/Necr      ########..   100%        8    N/A
 Summon Small Mammal      Summ           ####         1%          1    N/A
 Bolt of Draining         Conj/Necr      ########..   1%          5    N/A
 Summon Horrible Things   Summ           ######....   100%        8    N/A
 Animate Dead             Necr           N/A          3%          4    N/A
 Pain                     Necr           ####         1%          1    N/A
 Animate Skeleton         Necr           N/A          1%          1    N/A
 Vampiric Draining        Necr           ########..   1%          3    N/A
 Haunt                    Necr/Summ      ########..   95%         7    N/A
 Borgnjor's Revivificati  Necr           ########..   100%        8    N/A
 Freeze                   Ice            ####         1%          1    N/A
 Ozocubu's Refrigeration  Ice            ######....   13%         6    N/A
 Sticky Flame             Conj/Fire      #######.     1%          4    N/A
 Summon Ice Beast         Ice/Summ       ######..     3%          4    N/A
 Dispel Undead            Necr           ########     9%          5    N/A
 Regeneration             Chrm/Necr      ########..   1%          3    N/A
 Sublimation of Blood     Necr           ########..   1%          2    N/A
 Summon Demon             Summ           ######....   9%          5    N/A
 Summon Greater Demon     Summ           ######....   95%         7    N/A
 Corpse Rot               Necr           N/A          1%          2    N/A
 Stone Arrow              Conj/Erth      ######       0%          3    N/A
 Shock                    Conj/Air       ####         1%          1    N/A
 Recall                   Summ/Tloc      N/A          1%          3    N/A
 Agony                    Necr           ########     9%          5    N/A
 Spider Form              Tmut/Pois      ######....   1%          3    N/A
 Blade Hands              Tmut           ######....   7%          5    N/A
 Statue Form              Tmut/Erth      ########.    1%          6    N/A
 Ice Form                 Ice/Tmut       ######..     2%          4    N/A
 Dragon Form              Tmut           ######....   91%         7    N/A
 Necromutation            Tmut/Necr      ########..   100%        8    N/A
 Throw Icicle             Conj/Ice       #######.     1%          4    N/A
 Airstrike                Air            #######...   1%          4    N/A
 Shadow Creatures         Summ           N/A          45%         6    N/A
 Confusing Touch          Hex            ######       1%          1    N/A
 Flame Tongue             Conj/Fire      #####        1%          1    N/A
 Sticks to Snakes         Tmut           ######..     1%          2    N/A
 Call Canine Familiar     Summ           ######..     1%          3    N/A
 Metabolic Englaciation   Hex/Ice        ######....   9%          5    N/A
 Silence                  Hex/Air        #######...   4%          5    N/A
 Dispersal                Tloc           ######....   45%         6    N/A
 Static Discharge         Conj/Air       #######.     1%          3    N/A
 Sandblast                Erth           ######       0%          1    N/A
 Simulacrum               Ice/Necr       ########..   45%         6    N/A
 Conjure Ball Lightning   Conj/Air       #######...   2%          6    N/A
 Excruciating Wounds      Chrm/Necr      ########..   4%          5    N/A
 Portal Projectile        Hex/Tloc       ######       1%          3    N/A
 Monstrous Menagerie      Summ           ######....   95%         7    N/A
 Passage of Golubria      Tloc           N/A          3%          4    N/A
 Malign Gateway           Summ/Tloc      ######....   95%         7    N/A
 Tornado                  Air            #######...   100%        9    N/A
 Summon Hydra             Summ           ######....   95%         7    N/A
 Darkness                 Hex            ######....   45%         6    N/A
 Shroud of Golubria       Chrm/Tloc      #######...   1%          2    N/A
 Inner Flame              Hex/Fire       ######..     1%          3    N/A
 Aura of Abjuration       Summ           ######....   9%          5    N/A
 Beastly Appendage        Tmut           ######       1%          1    N/A
 Disjunction              Tloc           ######....   100%        8    N/A
 Force Lance              Conj/Tloc      #######.     1%          4    N/A
 Infusion                 Chrm           ####         1%          1    N/A
 Song of Slaying          Chrm           #######.     1%          2    N/A
 Spectral Weapon          Hex/Chrm       #######.     1%          3    N/A
 Summon Forest            Summ/Tloc      ######....   9%          5    N/A
 Summon Lightning Spire   Summ/Air       #######.     1%          4    N/A
 Dragon's Call            Summ           ######....   100%        9    N/A
 Summon Mana Viper        Hex/Summ       ######..     9%          5    N/A
 Hydra Form               Tmut           ######....   36%         6    N/A
 Gell's Gravitas          Tloc           ######....   1%          3    N/A
 Infestation              Necr           ########..   100%        8    N/A

Dungeon Overview and Level Annotations

Branches:
Dungeon (15/15)            Temple (0/1) D:6            Lair (6/6) D:11
 Shoals (4/4) Lair:2       Spider (4/4) Lair:2        Slime (0/5) Lair:6
    Orc (2/2) D:10            Elf (3/3) Orc:2        Vaults (5/5) D:14
  Crypt (3/3) Vaults:3       Tomb (1/3) Crypt:3      Depths (5/5) D:15
   Hell (1/1)                 Dis (0/7) Hell            Geh (0/7) Hell
    Coc (0/7) Hell            Tar (0/7) Hell            Zot (5/5) Depths:5

Altars:
Ashenzari
Dithmenos
Elyvilon
Fedhas
Hepliaklqana
Makhleb
Nemelex Xobeh
Okawaru
Qazlal
Ru
Vehumet
Yredelemnul
Zin
The Shining One
Beogh
Jiyva

Shops:
D:5 !   D:6 ?   D:8 [}?**   D:9 %=*(   D:12 *   Orc:2 *[((   Elf:1 ?   Elf:2 }
Elf:3 ?   Shoals:1 [   Shoals:3 }   Shoals:4 [   Vaults:2 *   Vaults:3 ??[
Vaults:4 [

Portals:
Hell: Depths:1 Depths:2 Depths:3 Depths:4 Depths:5
Abyss: Depths:3 Depths:4
Pandemonium: Depths:1 Depths:2 Depths:3
Ziggurat: Depths:5


Innate Abilities, Weirdness & Mutations

You do not eat or drink.
Your flesh is vulnerable to fire.
You are immune to poison.
Your flesh is cold resistant. (rC+)
You are immune to negative energy. (rN+++)
You are immune to unholy pain and torment.
You can survive without breathing.
You are strongly in touch with the powers of death.


Message History

Your body decomposes!
You feel clumsy.
The orb of fire glows red.
The fireball explodes!
The fireball engulfs you! You resist.
* * * LOW HITPOINT WARNING * * *
Casting: Shatter (safe; 1% risk of failure)
Confirm with . or Enter, or press ? or * to list all spells.
You feel a strong surge of power!
The dungeon rumbles!
You destroy the orb of fire!
Vehumet accepts your kill.
You feel your power returning.
You feel your dexterity returning.
The orb of fire is severely damaged.
The orb of fire is heavily damaged.
Ka-crash!
The orb of fire glows yellow.
The fireball explodes!
The fireball engulfs you! You resist.
* * * LOW HITPOINT WARNING * * *
A black draconian comes into view. It is wielding a dire flail.
Unknown command.
Casting: Shatter (safe; 1% risk of failure)
Confirm with . or Enter, or press ? or * to list all spells.
You feel a strong surge of power!
The dungeon rumbles!
The orb of fire is severely damaged.
The orb of fire is moderately damaged.
The black draconian is moderately wounded.
The orb of fire is lightly damaged.
Ka-crash!
The orb of fire glows yellow.
You deflect the bolt of fire!
The black draconian breathes lightning at you.
The bolt of lightning hits the orb of fire.
The orb of fire completely resists.
The bolt of lightning hits you!
* * * LOW HITPOINT WARNING * * *
The orb of fire glows deep purple.
Strange energies course through your body.
Your body decomposes!
You feel weakened.
The orb of fire glows yellow.
The bolt of fire misses you.
Unknown command.
Casting: Shatter (safe; 1% risk of failure)
Confirm with . or Enter, or press ? or * to list all spells.
You feel a strong surge of power!
The dungeon rumbles!
The orb of fire is severely damaged.
The orb of fire is almost destroyed.
The orb of fire is heavily damaged.
The orb of fire is lightly damaged.
The black draconian is heavily wounded.
Ka-crash!
You hear a roar!
The orb of fire glows yellow.
The fireball explodes!
The fireball engulfs you! You resist.
* * * LOW HITPOINT WARNING * * *
The fireball engulfs the orb of fire.
The orb of fire completely resists.
The orb of fire glows red.
The fireball explodes!
The fireball engulfs you! You resist.
* * * LOW HITPOINT WARNING * * *
The fireball engulfs the orb of fire.
The orb of fire completely resists.
The orb of fire emits a lurid red light.
The fireball explodes!
The fireball engulfs you! You resist.
You die...

##....(......## #..
..▓▓..............#
#..
..▓................
..
.#.................
.
#...........#...#..
. ............####.
(..#........#.#
▓..........#
▓...*@#...#
▓.........#
....**......#
*.....*▓▓▓▓▓▓▓
....d.▓ ......
..... ..... ....


You could see 4 orbs of fire and a black draconian.

Vanquished Creatures
  6 ancient liches
  3 orbs of fire
  Mara (Elf:3)
  2 juggernauts
  28 greater mummies (Tomb:1)
  Margery (Vaults:3)
  Bai Suzhen (Shoals:4)
  Saint Roka (Depths:2)
  Geryon (Hell)
  The ghost of Sioxa the Warrior, a master VSFi of Gozag (Zot:4)
  The ghost of sking99 the Executioner, a veteran MiBe of Trog (Elf:3)
  A Killer Klown (Zot:5)
  A curse toe (Zot:2)
  6 caustic shrikes
  21 golden dragons
  the Enchantress (Depths:2)
  A pearl dragon (Depths:3)
  A bone dragon (Crypt:3)
  3 electric golems
  Jorgrun (Elf:3)
  6 liches
  12 Orb Guardians (Zot:5)
  2 deep elf blademasters (Elf:3)
  17 tentacled monstrosities
  2 deep elf master archers (Elf:3)
  Asterion (Depths:2)
  9 titans
  The ghost of magipi the Drop of Water, an adept GnIE of Ru (Elf:3)
  11 quicksilver dragons
  Polyphemus (Shoals:4)
  5 death cobs
  11 sphinxes
  3 ancient champions
  Agnes (Elf:2)
  The ghost of Mamutox the Grappler, an adept TrBe of Trog (Elf:3)
  20 storm dragons
  Ilsuiw (Shoals:2)
  7 tengu reavers
  6 draconian monks
  A revenant (Hell)
  8 shadow dragons
  9 fire giants
  Roxanne (Shoals:1)
  Donald (Elf:2)
  An orc warlord (Orc:1)
  7 deep elf sorcerers
  20 frost giants
  A ghost moth (shapeshifter) (Vaults:1)
  Aizul (Shoals:1)
  4 iron dragons
  8 draconian knights
  8 ghost moths
  6 draconian scorchers
  17 vault wardens
  3 draconian shifters
  4 emperor scorpions
  2 deep elf elementalists
  3 ghouls
  A cacodemon (Depths:1)
  2 draconian stormcallers
  11 reapers
  The ghost of Caxah the Severer, a journeyman MiBe of Trog (Elf:3)
  25 stone giants
  20 ironheart preservers
  7 draconian annihilators
  The ghost of Zgarb the Convoker, an adept VSSu of Sif Muna (Spider:4)
  10 war gargoyles
  An ophan (Depths:3)
  5 spriggan defenders
  An apis (Depths:3)
  11 green draconians
  2 bennus (Tomb:1)
  22 very ugly things
  6 entropy weavers
  Nessos (Lair:5)
  2 lorocyprocas (Hell)
  13 red draconians
  7 deep elf demonologists
  12 vampire knights
  A dire elephant (Lair:6)
  12 purple draconians
  11 white draconians
  10 black draconians
  4 merfolk javelineers
  14 deep elf annihilators
  3 eidola
  8 spark wasps
  12 yellow draconians
  15 ettins
  5 fire dragons
  6 mummy priests (Tomb:1)
  11 great orbs of eyes
  3 crystal guardians (Crypt:3)
  11 deep elf death magi
  Josephine (Lair:2)
  12 jiangshi
  A green death (Hell)
  9 deep elf high priests
  8 merfolk impalers
  3 quicksilver dragon zombies
  13 yaktaur captains
  15 ogre magi
  35 vault guards
  2 quicksilver dragon skeletons
  4 hydras
  12 ice dragons
  3 spriggan air magi (Depths:2)
  A hell beast (Crypt:2)
  A rakshasa (Depths:1)
  2 alligator snapping turtles (Shoals:4)
  2 tengu warriors (Depths:5)
  2 catoblepae
  62 two-headed ogres
  10 centaur warriors
  3 merfolk avatars
  2 satyrs (Shoals:3)
  4 merfolk aquamancers
  5 deep troll shamans
  4 deep troll earth magi
  5 death scarabs (Tomb:1)
  3 titan zombies
  30 dancing weapons
  4 death yaks (Shoals:3)
  25 deep elf knights
  4 iron golems (Hell)
  10 soul eaters (Hell)
  4 spriggan berserkers
  3 orc high priests (Orc:2)
  4 hell hogs (Hell)
  5 vampire magi
  18 hell knights
  6 sun demons (Hell)
  A spectral emperor scorpion (Spider:4)
  An iron troll (Depths:4)
  A spectral spark wasp (Spider:4)
  3 flayed ghosts
  47 skeletal warriors
  A storm dragon skeleton (Tomb:1)
  2 glowing orange brains
  13 sea snakes
  A deep troll (shapeshifter) (Vaults:1)
  5 unseen horrors
  3 anaconda zombies (Hell)
  13 wizards
  8 deep trolls
  An anaconda skeleton (Crypt:3)
  A torturous demonspawn (Depths:1)
  A kraken simulacrum (Hell)
  9 deep elf archers
  10 ironbrand convokers
  A lindwurm (Lair:2)
  11 orc knights
  18 harpies
  42 ugly things
  59 deep elf magi
  14 necromancers
  9 phantasmal warriors
  15 fauns
  2 spectral wolf spiders (Spider:4)
  2 iron dragon zombies
  3 wolf spider zombies
  7 orc sorcerers
  36 wolf spiders
  12 orb spiders
  3 salamanders (Volcano)
  20 manticores
  A frost giant zombie (Crypt:3)
  A moth of wrath (shapeshifter) (Vaults:3)
  8 cyclopes
  A salamander (shapeshifter) (Vaults:5)
  27 moths of wrath
  2 frost giant skeletons (Crypt:3)
  A manticore (shapeshifter) (Vaults:5)
  10 elephants
  A guardian serpent (shapeshifter) (Vaults:3)
  23 merfolk sirens
  3 black mambas
  A molten gargoyle (Hell)
  A titan simulacrum (Crypt:1)
  A dire elephant zombie (Crypt:1)
  6 water nymphs
  22 vault sentinels
  6 rust devils
  A fire giant skeleton (Crypt:3)
  A shock serpent zombie (Crypt:1)
  An eye of devastation (shapeshifter) (Vaults:3)
  A torpor snail (Spider:2)
  2 ice statues (IceCv)
  4 spectral swamp worms (Depths:2)
  A gargoyle (D:12)
  6 spiny frogs
  2 hellions (Hell)
  7 komodo dragons
  An orange demon (Crypt:2)
  A shock serpent skeleton (Crypt:2)
  2 green draconian zombies
  A rime drake (shapeshifter) (Depths:5)
  5 rime drakes
  A catoblepas zombie (Crypt:3)
  An efreet (D:15)
  2 kobold demonologists
  The ghost of Ghella the Covered, a novice GrFi (D:4)
  8 freezing wraiths
  78 yaktaurs
  14 ice devils
  14 guardian mummies
  A hellwing (Depths:1)
  12 demonic crawlers
  A hydra zombie (Crypt:2)
  2 red devils (Hell)
  A tengu conjurer (Depths:5)
  A troll (shapeshifter) (Vaults:4)
  2 catoblepas skeletons
  A queen bee (Spider:1)
  3 meliai (Spider:1)
  5 polar bears
  31 jumping spiders
  3 harpy skeletons
  32 merfolk
  12 trolls
  A meliai (shapeshifter) (Vaults:5)
  23 hornets
  21 slime creatures
  A blink frog (shapeshifter) (Depths:3)
  4 dream sheep (Shoals:2)
  4 blink frogs (Lair:6)
  A spectral tarantella (Spider:4)
  7 wind drakes
  16 snapping turtles
  2 ettin zombies (Crypt:3)
  4 hydra skeletons
  11 hippogriffs
  An ice dragon zombie (Tomb:1)
  A meliai zombie (D:13)
  2 bog bodies
  3 ice dragon skeletons
  A shadow (D:13)
  54 flying skulls
  7 spriggans
  An air elemental (Elf:2)
  A fire dragon skeleton (Tomb:1)
  An alligator skeleton (Hell)
  A redback (shapeshifter) (Depths:4)
  104 redbacks
  An ettin skeleton (Vaults:2)
  15 water elementals
  41 tarantellas
  7 fire elementals
  14 fire bats
  8 wraiths
  35 yaks
  An ushabti (Tomb:1)
  7 wyverns
  2 basilisks
  Menkaure (D:5)
  4 wargs
  3 hungry ghosts
  2 redback simulacra (Spider:4)
  A steam dragon (shapeshifter) (Depths:5)
  A human (shapeshifter) (Vaults:3)
  11 vampire mosquitoes
  Grum (D:11)
  3 steam dragons
  A spectral orb spider (Spider:4)
  A human simulacrum (Vaults:3)
  12 water moccasins
  2 spiny frog zombies
  An acid dragon (shapeshifter) (Depths:2)
  2 acid dragons
  3 floating eyes
  A jumping spider simulacrum (Spider:4)
  An orb spider zombie (Crypt:2)
  A soldier ant (shapeshifter) (Vaults:2)
  A swamp drake (D:10)
  77 orc warriors
  6 porcupines
  A tarantella simulacrum (Spider:4)
  An alligator simulacrum (Crypt:1)
  10 ice beasts
  6 sky beasts
  An orc zombie (Vaults:2)
  A deep troll skeleton (Crypt:1)
  3 phantoms
  3 snapping turtle zombies
  5 necrophages
  3 black bears
  19 boggarts
  A hog zombie (Crypt:1)
  39 ogres
  14 centaurs
  6 wolves
  18 crocodiles
  A swamp dragon skeleton (Crypt:1)
  5 big kobolds
  3 human zombies
  22 bullfrogs
  A hippogriff skeleton (Crypt:1)
  5 human skeletons
  A spiny frog simulacrum (Hell)
  3 scorpions
  A yak zombie (Crypt:1)
  29 killer bees
  An elf simulacrum (Vaults:2)
  10 wights (D:6)
  2 howler monkeys
  5 electric eels
  A centaur zombie (D:4)
  9 crimson imps
  8 hounds
  6 iron imps
  4 jellies
  22 orc priests
  48 orc wizards
  Crazy Yiuf (D:7)
  4 centaur skeletons
  A hound (shapeshifter) (Depths:2)
  A gnoll shaman (D:10)
  Jessica (D:3)
  A basilisk skeleton (Crypt:1)
  2 bullfrog skeletons
  A demonspawn zombie (Crypt:2)
  4 iguanas
  8 hell rats (Lair:6)
  5 worker ants
  An ogre zombie (Crypt:2)
  A sky beast zombie (Crypt:2)
  14 mummies
  8 gnolls
  A gnoll (shapeshifter) (Vaults:5)
  8 river rats (Lair:6)
  15 adders
  3 shadow imps
  9 white imps
  9 ufetubi
  An ooze (D:4)
  3 adder skeletons
  An adder zombie (D:7)
  4 worms
  A dart slug (D:3)
  8 leopard geckos
  135 orcs
  3 bats
  A bat skeleton (Crypt:2)
  3 giant cockroaches
  6 hobgoblins
  5 jackals
  5 quokkas
  4 ball pythons
  7 frilled lizards
  A gnoll skeleton (Crypt:1)
  5 goblins
  2 jackal zombies
  17 kobolds
  A quokka skeleton (Crypt:2)
  5 rats
  2 crawling corpses (Depths:5)
  11 plants
2866 creatures vanquished.

Vanquished Creatures (others)
  A vault warden (Vaults:2)
  3 stone giants
  A spark wasp (Depths:3)
  2 yaktaur captains
  2 centaur warriors
  A deep elf knight (Elf:2)
  2 cyclopes
  A faun (Shoals:2)
  A spectral swamp worm (Depths:2)
  4 yaktaurs
  2 hornets
  A wyvern (Volcano)
  A steam dragon (Volcano)
  An orc warrior (Orc:2)
  3 centaurs
  A bullfrog zombie (D:11)
  5 ufetubi (IceCv)
  8 fungi
  40 plants
  2 withered plants (Elf:3)
82 creatures vanquished.

Grand Total: 2948 creatures vanquished

Notes
Turn   | Place    | Note
-------+----------+-------------------------------------------
     0 | D:1      | Amnesiac the Mummy Earth Elementalist began the quest for the Orb.
     0 | D:1      | Reached XP level 1. HP: 13/13 MP: 4/4
   318 | D:1      | Reached XP level 2. HP: 19/19 MP: 5/5
   603 | D:2      | Reached skill level 3 in Spellcasting
   811 | D:2      | Reached XP level 3. HP: 24/24 MP: 7/7
  1551 | D:3      | Reached XP level 4. HP: 30/30 MP: 9/9
  1737 | D:3      | Noticed Jessica
  1739 | D:3      | Killed Jessica
  1989 | D:3      | Noticed an ice beast
  1994 | D:3      | Killed an ice beast
  1994 | D:3      | Reached skill level 4 in Spellcasting
  1994 | D:3      | Reached XP level 5. HP: 35/35 MP: 9/11
  2433 | D:4      | Found a runed gate.
  2433 | D:4      | Found a runed gate.
  2433 | D:4      | Found a runed gate.
  2433 | D:4      | Noticed Ghella's ghost (novice GrFi)
  2449 | D:4      | Found a hazy altar of Hepliaklqana.
  2476 | D:4      | Learned a level 2 spell: Passwall
  2480 | D:4      | Learned a level 3 spell: Stone Arrow
  2486 | D:4      | Learned a level 4 spell: Petrify
  2624 | D:4      | Found the +2 shield of Resistance {rF+ rC+ MR+}
  2627 | D:4      | Noticed a phantom
  2640 | D:4      | Killed a phantom
  2640 | D:4      | Reached skill level 5 in Spellcasting
  2640 | D:4      | Reached skill level 5 in Earth Magic
  2640 | D:4      | Reached XP level 6. HP: 24/41 MP: 13/13
  2940 | D:4      | Found a basalt altar of Yredelemnul.
  2940 | D:4      | Found a shattered altar of Ashenzari.
  2942 | D:4      | Found a radiant altar of Vehumet.
  2995 | D:4      | Learned a level 5 spell: Lee's Rapid Deconstruction
  3018 | D:5      | Entered Level 5 of the Dungeon
  3091 | D:5      | Reached XP level 7. HP: 46/46 MP: 15/15
  3170 | D:5      | Noticed Menkaure
  3177 | D:5      | Killed Menkaure
  3177 | D:5      | Reached skill level 6 in Spellcasting
  3233 | D:5      | Found an iron altar of Okawaru.
  3325 | D:5      | Found a shattered altar of Ashenzari.
  3456 | D:5      | Found Jopeosk's Distillery.
  3574 | D:4      | Became a worshipper of Vehumet
  3814 | D:6      | Found Qieb's Magic Scroll Emporium.
  4086 | D:6      | Reached skill level 1 in Shields
  4086 | D:6      | Reached XP level 8. HP: 52/52 MP: 18/18
  4108 | D:6      | Found a shadowy altar of Dithmenos.
  4335 | D:6      | Reached skill level 7 in Spellcasting
  4650 | D:6      | Found a staircase to the Ecumenical Temple.
  4783 | D:6      | Reached * piety under Vehumet
  4783 | D:6      | Offered knowledge of Shock by Vehumet.
  5191 | D:6      | Reached skill level 8 in Spellcasting
  5399 | D:7      | Reached XP level 9. HP: 49/57 MP: 15/21
  5468 | D:7      | Paralysed by a centaur for 6 turns
  5761 | D:7      | Noticed a troll
  5769 | D:7      | Killed a troll
  6525 | D:7      | Found a runed door.
  6627 | D:7      | Reached skill level 9 in Spellcasting
  6632 | D:7      | Offered knowledge of Magic Dart by Vehumet.
  7002 | D:7      | Found a glowing silver altar of Zin.
  7002 | D:7      | Noticed an angel
  7323 | D:7      | Noticed Crazy Yiuf
  7326 | D:7      | Killed Crazy Yiuf
  7326 | D:7      | Reached ** piety under Vehumet
  7448 | D:8      | Found Vaenud's Gadget Shoppe.
  7477 | D:8      | Noticed a two-headed ogre
  7663 | D:8      | Reached XP level 10. HP: 35/63 MP: 8/23
  7769 | D:8      | Found Sauffexe's General Store.
  7866 | D:6      | Bought a scroll of brand weapon for 300 gold pieces
  8042 | D:8      | Found Filaur's Assorted Antiques.
  8179 | D:8      | Killed a two-headed ogre
  8179 | D:8      | Reached skill level 5 in Shields
  8254 | D:8      | Found Utuschy's Magic Scroll Boutique.
  8576 | D:8      | Found Beavin's Antique Armour Shop.
  8579 | D:8      | Bought a glowing robe for 74 gold pieces
  8708 | D:9      | Reached skill level 10 in Spellcasting
  8708 | D:9      | Reached skill level 10 in Earth Magic
  8992 | D:9      | Found Bivoger's Antique Weapon Boutique.
  9040 | D:9      | Found Osim's Jewellery Shop.
  9100 | D:9      | Offered knowledge of Ignite Poison by Vehumet.
  9154 | D:9      | Found Kuphipt's Food Boutique.
  9447 | D:9      | Reached *** piety under Vehumet
  9509 | D:9      | Found Gajyl's Assorted Antiques.
  9512 | D:9      | Bought a scroll labeled EMI XOROS NURPH for 32 gold pieces
  9617 | D:10     | Entered Level 10 of the Dungeon
  9741 | D:10     | Found a stormy altar of Qazlal.
  9872 | D:10     | Offered knowledge of Mephitic Cloud by Vehumet.
 10508 | D:10     | Found a staircase to the Orcish Mines.
 10510 | D:10     | Reached **** piety under Vehumet
 10529 | D:10     | Reached XP level 11. HP: 35/68 MP: 25/25
 10531 | D:10     | Offered knowledge of Conjure Flame by Vehumet.
 10867 | D:8      | Bought a scroll of enchant weapon for 97 gold pieces
 10947 | D:6      | Bought a scroll of enchant weapon for 112 gold pieces
 11125 | D:10     | Reached skill level 11 in Spellcasting
 11337 | D:11     | Noticed a two-headed ogre
 11425 | D:11     | Noticed Grum
 11432 | D:11     | Killed Grum
 11577 | D:11     | Killed an unseen horror
 11634 | D:11     | Killed a two-headed ogre
 12001 | D:11     | Killed an unseen horror
 12262 | D:11     | Noticed a two-headed ogre
 12274 | D:11     | Killed a two-headed ogre
 12460 | D:11     | Noticed a two-headed ogre
 12475 | D:11     | Killed a two-headed ogre
 12475 | D:11     | Reached skill level 12 in Spellcasting
 12489 | D:11     | Found a flickering gateway to a bazaar.
 12495 | Bazaar   | Entered a bazaar
 12496 | Bazaar   | Identified a scroll of acquirement {!r}
 12517 | Bazaar   | Found Golusch's Food Boutique.
 12542 | Bazaar   | Found Launusur's Food Boutique.
 12567 | Bazaar   | Found Emibburak's Food Boutique.
 12581 | Bazaar   | Found Ytraw's Antique Armour Shop.
 12617 | Bazaar   | Bought a glowing cloak for 165 gold pieces
 12628 | Bazaar   | Bought a pair of runed gloves for 165 gold pieces
 12628 | Bazaar   | Bought a runed robe for 81 gold pieces
 12628 | Bazaar   | Bought the +3 hat of Pondering {ponderous, MR+ MP+10 Int+5} for 838 gold pieces
 12628 | Bazaar   | Found the +3 hat of Pondering {ponderous, MR+ MP+10 Int+5}
 12782 | D:11     | Found a staircase to the Lair.
 12901 | Lair:1   | Entered Level 1 of the Lair of Beasts
 12971 | Lair:1   | Reached XP level 12. HP: 74/74 MP: 28/28
 13265 | Lair:1   | Reached ***** piety under Vehumet
 13782 | Lair:2   | Identified a paperback manual
 13911 | Lair:2   | Found a hole to the Spider Nest.
 14124 | Lair:2   | Found a staircase to the Shoals.
 14154 | Lair:2   | Offered knowledge of Bolt of Magma by Vehumet.
 14320 | Lair:2   | Learned a level 5 spell: Bolt of Magma
 15097 | Lair:3   | Found the silken robe
 15102 | Lair:3   | Got a silken robe
 15128 | Lair:3   | Identified the cursed -5 robe of Misfortune {-Cast *Contam *Tele *Drain EV-5 Stlth-- *Curse} (You found it on level 3 of the Lair of Beasts)
 15644 | Lair:4   | Reached skill level 13 in Spellcasting
 15656 | Lair:4   | Found a dark tunnel.
 15672 | Volcano  | Entered a volcano
 15705 | Volcano  | Noticed a two-headed ogre
 15715 | Volcano  | Killed a two-headed ogre
 16007 | Volcano  | Noticed a two-headed ogre
 16016 | Volcano  | Killed a two-headed ogre
 16072 | Volcano  | Noticed a two-headed ogre
 16142 | Volcano  | Killed a two-headed ogre
 16314 | Volcano  | Noticed a fire dragon
 16377 | Volcano  | Gained mutation: You are in touch with the powers of death. [Mummy growth]
 16377 | Volcano  | Reached XP level 13. HP: 35/79 MP: 5/30
 16637 | Volcano  | Killed a fire dragon
 17137 | Lair:4   | Found a glowing silver altar of Zin.
 17988 | Lair:5   | Found a frozen archway.
 17990 | Lair:5   | Noticed Nessos
 17995 | Lair:5   | Killed Nessos
 18036 | IceCv    | Entered an ice cave
 18451 | IceCv    | Noticed a reaper
 18474 | IceCv    | Reached skill level 14 in Spellcasting
 18476 | IceCv    | Killed a reaper
 19543 | Lair:6   | Entered Level 6 of the Lair of Beasts
 20037 | Lair:6   | Noticed a dire elephant
 20047 | Lair:6   | Killed a dire elephant
 20047 | Lair:6   | Offered knowledge of Iskenderun's Mystic Blast by Vehumet.
 20049 | Lair:6   | Reached XP level 14. HP: 76/85 MP: 8/32
 21015 | Lair:6   | Reached skill level 10 in Shields
 21092 | Lair:6   | Found a viscous altar of Jiyva.
 21092 | Lair:6   | Found a staircase to the Slime Pits.
 21579 | D:12     | Reached skill level 15 in Earth Magic
 21619 | D:12     | Reached skill level 15 in Spellcasting
 22223 | D:12     | Found Tafoy's General Store.
 22384 | D:12     | Found a portal to a secret trove of treasure.
 22731 | D:13     | Found a gateway to a bazaar.
 24083 | D:14     | Found a gate to the Vaults.
 24177 | D:14     | Reached ****** piety under Vehumet
 24192 | D:14     | Found a roughly hewn altar of Beogh.
 24496 | D:14     | Found a sacrificial altar of Ru.
 24541 | D:14     | Reached XP level 15. HP: 90/90 MP: 34/34
 24643 | D:15     | Entered Level 15 of the Dungeon
 24653 | D:15     | Got a crystal quarterstaff
 24983 | D:15     | Offered knowledge of Bolt of Cold by Vehumet.
 25356 | D:15     | Noticed a frost giant
 25366 | D:15     | Killed a frost giant
 25378 | D:15     | Reached skill level 16 in Spellcasting
 25392 | D:15     | Found a staircase to the Depths.
 25726 | Orc:1    | Entered Level 1 of the Orcish Mines
 25903 | Orc:2    | Entered Level 2 of the Orcish Mines
 26812 | Orc:2    | Noticed an orc warlord
 26896 | Orc:1    | Killed an orc warlord
 27174 | Orc:2    | Offered knowledge of Iron Shot by Vehumet.
 27189 | Orc:2    | Learned a level 6 spell: Iron Shot
 27205 | Orc:2    | Found Cyuka's Antique Weapon Emporium.
 27209 | Orc:2    | Found Lygi Roost's Antique Armour Shoppe.
 27247 | Orc:2    | Found a roughly hewn altar of Beogh.
 27361 | Orc:2    | Found a roughly hewn altar of Beogh.
 27416 | Orc:2    | Found Ydo Qothuorch's Weapon Shoppe.
 27665 | Orc:2    | Found a roughly hewn altar of Beogh.
 27667 | Orc:2    | Found Mirras's Assorted Antiques.
 27760 | Orc:2    | Found a staircase to the Elven Halls.
 27826 | Orc:2    | Found a roughly hewn altar of Beogh.
 27869 | Orc:2    | Found a roughly hewn altar of Beogh.
 28300 | Orc:2    | Bought a twisted jewelled staff for 336 gold pieces
 28441 | D:9      | Bought an uncursed ring of magical power for 220 gold pieces
 28479 | D:8      | Bought a scroll of blinking for 90 gold pieces
 28479 | D:8      | Bought a scroll of teleportation for 36 gold pieces
 28479 | D:8      | Bought a scroll of enchant armour for 90 gold pieces
 28542 | D:8      | Bought an ichor-stained buckler for 190 gold pieces
 28552 | D:8      | Identified the +2 buckler "Mizxog" {MP-9 Int+3 Slay+3} (You bought it in a shop on level 8 of the Dungeon)
 28615 | D:6      | Bought a scroll of teleportation for 45 gold pieces
 28615 | D:6      | Bought a scroll of teleportation for 45 gold pieces
 28615 | D:6      | Bought a scroll of teleportation for 45 gold pieces
 28615 | D:6      | Bought a scroll of teleportation for 45 gold pieces
 28670 | D:8      | Bought a twisted peridot ring for 145 gold pieces
 28670 | D:8      | Bought a peridot ring for 145 gold pieces
 28762 | D:8      | Bought a wizard robe for 114 gold pieces
 28772 | D:8      | Identified the +2 robe "Capugg" {rC+ Stlth+} (You bought it in a shop on level 8 of the Dungeon)
 29055 | Spider:1 | Entered Level 1 of the Spider Nest
 29212 | Shoals:1 | Entered Level 1 of the Shoals
 29212 | Shoals:1 | Noticed Roxanne
 29215 | Shoals:1 | Killed Roxanne
 29464 | Shoals:1 | Noticed Josephine
 29622 | Lair:2   | Killed Josephine
 29749 | Shoals:1 | Found Roumn's Antique Armour Boutique.
 30650 | Shoals:2 | Noticed Aizul
 30662 | Shoals:1 | Killed Aizul
 30879 | Shoals:2 | Offered knowledge of Freezing Cloud by Vehumet.
 30939 | Shoals:2 | Reached XP level 16. HP: 96/96 MP: 36/36
 31103 | Shoals:2 | Reached skill level 17 in Spellcasting
 31292 | Shoals:2 | Noticed Ilsuiw
 31319 | Shoals:2 | Killed Ilsuiw
 32524 | Shoals:3 | Found Erap's Gadget Emporium.
 32886 | Shoals:3 | Offered knowledge of Ozocubu's Refrigeration by Vehumet.
 33335 | Shoals:3 | Learned a level 5 spell: Irradiate
 33337 | Shoals:3 | Learned a level 1 spell: Apportation
 33353 | Shoals:4 | Entered Level 4 of the Shoals
 33366 | Shoals:4 | Noticed Polyphemus
 33385 | Shoals:4 | Killed Polyphemus
 34274 | Elf:1    | Entered Level 1 of the Elven Halls
 34679 | Elf:1    | Got a bloodstained flail
 35091 | Elf:1    | Reached XP level 17. HP: 101/101 MP: 38/38
 35127 | Elf:1    | Found Lomi's Magic Scroll Emporium.
 35328 | Elf:1    | Identified the +2 flail "Ypec" {elec, Str+3} (You found it on level 1 of the Elven Halls)
 35357 | Elf:2    | Found Cousigoe's Gadget Shop.
 35358 | Elf:2    | Reached skill level 18 in Spellcasting
 35815 | Elf:2    | Found a runed gate.
 35815 | Elf:2    | Found a runed gate.
 35825 | Elf:2    | Found a runed gate.
 36577 | Elf:2    | Noticed Agnes
 36579 | Elf:2    | Killed Agnes
 36631 | Elf:2    | Offered knowledge of Bolt of Fire by Vehumet.
 36723 | Elf:2    | Noticed Donald
 36726 | Elf:2    | Killed Donald
 36960 | Elf:3    | Entered Level 3 of the Elven Halls
 36960 | Elf:3    | Noticed Jorgrun
 36964 | Elf:3    | Killed Jorgrun
 37351 | Elf:3    | Found Ikij's Magic Scroll Shoppe.
 37354 | Elf:3    | Found a runed gate.
 37355 | Elf:3    | Found a runed gate.
 37376 | Elf:3    | Found a runed gate.
 37377 | Elf:3    | Noticed Mamutox's ghost (adept TrBe)
 37377 | Elf:3    | Noticed magipi's ghost (adept GnIE)
 37377 | Elf:3    | Noticed Caxah's ghost (journeyman MiBe)
 37377 | Elf:3    | Noticed sking99's ghost (veteran MiBe)
 37557 | Elf:3    | Noticed a deep elf blademaster
 37560 | Elf:3    | Killed a deep elf blademaster
 37561 | Elf:3    | Noticed a deep elf blademaster
 37561 | Elf:3    | Noticed a deep elf master archer
 37564 | Elf:3    | Killed a deep elf master archer
 37568 | Elf:3    | Killed a deep elf blademaster
 37590 | Elf:3    | Reached XP level 18. HP: 81/107 MP: 1/40
 37601 | Elf:3    | Reached skill level 19 in Spellcasting
 37898 | Elf:3    | Got an ancient hand axe {chop}
 37928 | Elf:3    | Noticed Mara
 38301 | Elf:3    | Noticed Amnesiac's illusion
 38596 | Elf:3    | Noticed Amnesiac's illusion
 38697 | Elf:3    | Noticed Amnesiac's illusion
 38863 | Elf:3    | Found the +0 Maxwell's etheric cage {RegenMP+ *Contam rElec MP+4}
 38873 | Elf:3    | Got a slimy scale mail
 38936 | Elf:3    | Noticed Amnesiac's illusion
 38942 | Elf:3    | Killed Mara
 39037 | Elf:3    | Got a fine mace {chaos}
 40225 | Shoals:4 | Found Coethos's Antique Armour Shop.
 40287 | Shoals:4 | Identified the Catalogue of the Dusty Snowflakes
 40464 | Shoals:4 | Noticed Bai Suzhen
 40466 | Shoals:4 | Offered knowledge of Lehudib's Crystal Spear by Vehumet.
 40466 | Shoals:4 | Offered knowledge of Shatter by Vehumet.
 40466 | Shoals:4 | Offered knowledge of Tornado by Vehumet.
 41191 | Shoals:4 | Got an ichor-stained whip {slash}
 41953 | Shoals:4 | Got a barnacled rune of Zot
 42006 | Shoals:4 | Killed Bai Suzhen
 42273 | Shoals:4 | Learned a level 9 spell: Shatter
 42478 | Spider:1 | Reached XP level 19. HP: 73/112 MP: 42/42
 42479 | Spider:1 | Reached skill level 20 in Spellcasting
 43064 | Spider:2 | Reached skill level 15 in Shields
 43225 | Spider:2 | You fall through a shaft!
 43231 | Spider:3 | Reached skill level 1 in Fighting
 43253 | Spider:2 | Reached skill level 1 in Evocations
 45519 | Spider:4 | Entered Level 4 of the Spider Nest
 45976 | Spider:4 | Got a smelly plate armour
 46005 | Spider:4 | Found a runed gate.
 46007 | Spider:4 | Found a runed gate.
 46007 | Spider:4 | Found a runed gate.
 46008 | Spider:4 | Noticed Zgarb's ghost (adept VSSu)
 46853 | Spider:4 | Reached skill level 5 in Fighting
 47472 | Spider:4 | Got a gossamer rune of Zot
 47736 | Vaults:1 | Entered Level 1 of the Vaults
 47744 | Vaults:1 | Reached skill level 5 in Dodging
 47744 | Vaults:1 | Reached XP level 20. HP: 133/133 MP: 44/44
 47813 | Vaults:1 | Reached skill level 5 in Evocations
 48068 | Vaults:1 | Got a pair of crude boots
 48083 | Vaults:1 | Identified the cursed -4 pair of boots of Suguih {rElec rC- rCorr} (You found it on level 1 of the Vaults)
 49698 | Vaults:2 | Reached skill level 1 in Staves
 50481 | Vaults:2 | Reached skill level 10 in Fighting
 50740 | Vaults:2 | Found Goucapt's General Store.
 50838 | Vaults:3 | Reached XP level 21. HP: 118/153 MP: 45/45
 51194 | Vaults:3 | Got a scorched chain mail
 51243 | Vaults:3 | Found a staircase to the Crypt.
 51404 | Vaults:3 | Got a transparent hand crossbow
 51481 | Vaults:3 | Reached skill level 5 in Staves
 51492 | Vaults:3 | Noticed Margery
 51494 | Vaults:3 | Killed Margery
 51655 | Vaults:3 | Identified the +1 hand crossbow "Baagiac" {venom, +Blink Stlth+} (You found it on level 3 of the Vaults)
 51699 | Vaults:3 | Reached skill level 10 in Dodging
 51977 | Vaults:3 | Found Neamuq's Magic Scroll Shoppe.
 51977 | Vaults:3 | Found Sitt's Magic Scroll Shoppe.
 52015 | Vaults:3 | Found Nuss's Armour Shoppe.
 52025 | Vaults:3 | Bought a +0 pair of boots of stealth for 172 gold pieces
 52507 | Vaults:4 | Got a twisted flail
 52549 | Vaults:4 | Identified the +8 flail "Ekas Fyu" {crush, Dex+6} (You found it on level 4 of the Vaults)
 53042 | Vaults:4 | Found Unkiloof's Antique Armour Emporium.
 53106 | Vaults:4 | Bought a blackened buckler for 228 gold pieces
 53106 | Vaults:4 | Bought an embroidered hat for 168 gold pieces
 53116 | Vaults:4 | Identified the +1 buckler "Sodov" {rC+ MR++ Int+2 Stlth+} (You bought it in a shop on level 4 of the Vaults)
 53335 | Vaults:4 | Reached XP level 22. HP: 97/167 MP: 46/46
 54213 | Crypt:1  | Entered Level 1 of the Crypt
 55796 | Crypt:2  | Found a burning altar of Makhleb.
 56165 | Crypt:3  | Entered Level 3 of the Crypt
 56693 | Crypt:3  | Noticed an ancient lich
 56695 | Crypt:3  | Killed an ancient lich
 56756 | Crypt:3  | Found a basalt altar of Yredelemnul.
 56776 | Crypt:3  | Identified the Collected Works on Evil Rituals
 56815 | Crypt:3  | Learned a level 8 spell: Lehudib's Crystal Spear
 57072 | Crypt:3  | Found a staircase to the Tomb.
 57095 | Crypt:3  | Got a coiled granite ring
 57097 | Crypt:3  | Got a twisted scale mail
 57474 | Tomb:1   | Entered Level 1 of the Tomb of the Ancients
 57493 | Tomb:1   | Noticed a greater mummy
 57494 | Tomb:1   | Reached XP level 23. HP: 179/179 MP: 47/47
 57494 | Tomb:1   | Noticed a greater mummy
 57494 | Tomb:1   | Noticed a greater mummy
 57494 | Tomb:1   | Noticed a greater mummy
 57494 | Tomb:1   | Noticed a greater mummy
 57495 | Tomb:1   | Killed a greater mummy
 57495 | Tomb:1   | Reached skill level 10 in Staves
 57496 | Tomb:1   | Killed a greater mummy
 57497 | Tomb:1   | Killed a greater mummy
 57497 | Tomb:1   | Noticed a greater mummy
 57498 | Tomb:1   | Killed a greater mummy
 57498 | Tomb:1   | Killed a greater mummy
 57501 | Tomb:1   | Killed a greater mummy
 57527 | Tomb:1   | Noticed a greater mummy
 57677 | Tomb:1   | Noticed a greater mummy
 57681 | Tomb:1   | Killed a greater mummy
 57682 | Tomb:1   | Killed a greater mummy
 57682 | Tomb:1   | Reached skill level 15 in Fighting
 57691 | Tomb:1   | Noticed a greater mummy
 57693 | Tomb:1   | Killed a greater mummy
 57706 | Tomb:1   | Noticed a greater mummy
 57863 | Tomb:1   | Killed a greater mummy
 57863 | Tomb:1   | Noticed a greater mummy
 57868 | Tomb:1   | Killed a greater mummy
 57872 | Tomb:1   | Noticed a greater mummy
 57877 | Tomb:1   | Killed a greater mummy
 57878 | Tomb:1   | Noticed a greater mummy
 58029 | Tomb:1   | Killed a greater mummy
 58030 | Tomb:1   | Noticed a greater mummy
 58037 | Tomb:1   | Noticed a greater mummy
 58038 | Tomb:1   | Killed a greater mummy
 58040 | Tomb:1   | Noticed a greater mummy
 58202 | Tomb:1   | Killed a greater mummy
 58202 | Tomb:1   | Killed a greater mummy
 58355 | Tomb:1   | Noticed a greater mummy
 58358 | Tomb:1   | Killed a greater mummy
 58515 | Tomb:1   | Noticed a greater mummy
 58520 | Tomb:1   | Killed a greater mummy
 58560 | Tomb:1   | Noticed a greater mummy
 58564 | Tomb:1   | Killed a greater mummy
 58709 | Tomb:1   | Identified the cursed ring of Olatin {rElec Dex-2 SInv} (You found it on level 3 of the Crypt)
 58772 | Tomb:1   | Noticed a greater mummy
 58777 | Tomb:1   | Killed a greater mummy
 58818 | Tomb:1   | Reached XP level 24. HP: 165/188 MP: 7/47
 59044 | Tomb:1   | Noticed a greater mummy
 59048 | Tomb:1   | Killed a greater mummy
 59048 | Tomb:1   | Reached skill level 15 in Dodging
 59211 | Tomb:1   | Noticed a greater mummy
 59214 | Tomb:1   | Noticed a greater mummy
 59215 | Tomb:1   | Killed a greater mummy
 59218 | Tomb:1   | Killed a greater mummy
 59218 | Tomb:1   | Noticed a greater mummy
 59261 | Tomb:1   | Killed a greater mummy
 59459 | Tomb:1   | Noticed a greater mummy
 59466 | Tomb:1   | Killed a greater mummy
 59498 | Tomb:1   | Noticed a greater mummy
 59503 | Tomb:1   | Noticed a greater mummy
 59693 | Tomb:1   | Killed a greater mummy
 59696 | Tomb:1   | Killed a greater mummy
 59698 | Tomb:1   | Noticed a greater mummy
 59709 | Tomb:1   | Killed a greater mummy
 60509 | Bazaar   | Entered a bazaar
 60513 | Bazaar   | Found Heehira's Antique Weapon Shoppe.
 60519 | Bazaar   | Found Caesed's Weapon Boutique.
 60525 | Bazaar   | Found Iriatzag's Magic Scroll Emporium.
 60532 | Bazaar   | Bought a scroll of blinking for 82 gold pieces
 60532 | Bazaar   | Bought a scroll of blinking for 82 gold pieces
 60532 | Bazaar   | Bought a scroll of teleportation for 33 gold pieces
 60532 | Bazaar   | Bought a scroll of teleportation for 33 gold pieces
 60532 | Bazaar   | Bought a scroll of enchant weapon for 82 gold pieces
 60541 | Bazaar   | Found Xobun's Magic Scroll Shop.
 60549 | Bazaar   | Bought a scroll of teleportation for 21 gold pieces
 60549 | Bazaar   | Bought a scroll of enchant weapon for 52 gold pieces
 60774 | D:4      | Killed Ghella's ghost
 61088 | Elf:3    | Killed Mamutox's ghost
 61099 | Elf:3    | Killed sking99's ghost
 61131 | Elf:3    | Killed Caxah's ghost
 61523 | Elf:3    | Killed magipi's ghost
 61600 | Elf:3    | Got a spiked hat
 61643 | Elf:3    | Identified the +2 hat of the Cuttlefish {rC+ rN+ Int-4 Dex+2} (You found it on level 3 of the Elven Halls)
 62536 | D:12     | Bought a scroll of acquirement for 780 gold pieces
 62752 | Spider:4 | Killed Zgarb's ghost
 63032 | Depths:1 | Entered Level 1 of the Depths
 63113 | Depths:1 | Got a polished scimitar
 63204 | Depths:1 | Reached skill level 21 in Spellcasting
 63557 | Depths:1 | Found a gateway to Hell.
 63790 | Depths:1 | Got a crude garnet amulet
 63819 | Depths:1 | Learned a level 3 spell: Ozocubu's Armour
 63892 | Depths:1 | Found a one-way gate leading to the halls of Pandemonium.
 64081 | Hell     | Entered the Vestibule of Hell
 64081 | Hell     | Noticed Geryon
 64090 | Hell     | Reached XP level 25. HP: 194/194 MP: 38/48
 64093 | Hell     | Killed Geryon
 64125 | Hell     | Reached skill level 22 in Spellcasting
 64316 | Depths:1 | Identified the amulet of Qiseul {Inacc *Drain rElec Int-5 Dex+3} (You found it on level 1 of the Depths)
 64398 | Hell     | Found a gateway to the decaying netherworld of Tartarus.
 64474 | Hell     | Found a gateway to the ashen valley of Gehenna.
 64574 | Hell     | Found a gateway to the Iron City of Dis.
 64641 | Hell     | Found a gateway to the freezing wastes of Cocytus.
 64891 | D:12     | You paid a toll of the horn of Geryon to enter a treasure trove
 64892 | Trove    | Entered a treasure trove
 64897 | Trove    | Found the ring of Phasing {EV+8}
 64900 | Trove    | Got a scorched wooden ring
 64904 | Trove    | Got a scorched bone amulet
 64911 | Trove    | Identified the ring "Nuol" {rPois rN+ Int+3} (You found it in a treasure trove)
 64914 | Trove    | Got a glittering wooden ring
 64915 | Trove    | Identified the amulet of Past Mistakes {Reflect MR+ SH+5} (You found it in a treasure trove)
 64919 | Trove    | Identified the ring "Eto Acka" {+Fly rPois Dex+4} (You found it in a treasure trove)
 64923 | Trove    | Got a flickering bone ring
 64924 | Trove    | Identified the ring "Cemnas" {+Fly MR+ Str+4} (You found it in a treasure trove)
 64934 | Trove    | Got a shimmering ivory ring
 64935 | Trove    | Identified the ring "Qaanu" {+Fly rF+ MP+9 Str+3 Int+4} (You found it in a treasure trove)
 65419 | Depths:2 | Noticed Asterion
 65421 | Depths:2 | Killed Asterion
 65610 | Depths:2 | Noticed Saint Roka
 65614 | Depths:2 | Killed Saint Roka
 65622 | Depths:2 | Noticed the Enchantress
 65625 | Depths:2 | Killed the Enchantress
 65854 | Depths:2 | Got faerie dragon scales
 66004 | Depths:2 | Identified the +2 faerie dragon scales {rF+ rCorr SInv} (You took it off the Enchantress on level 2 of the Depths)
 67130 | Depths:3 | Gained mutation: You are strongly in touch with the powers of death. [Mummy growth]
 67130 | Depths:3 | Reached XP level 26. HP: 170/204 MP: 49/49
 67509 | Depths:3 | Found a glowing silver altar of Zin.
 67509 | Depths:3 | Found a white marble altar of Elyvilon.
 67509 | Depths:3 | Found a glowing golden altar of the Shining One.
 67878 | Depths:3 | Got a warped golden ring
 67901 | Depths:3 | Identified the ring "Keasiq" {AC+5 Str+4} (You found it on level 3 of the Depths)
 68201 | Depths:3 | Found a one-way gate to the infinite horrors of the Abyss.
 68451 | Depths:4 | Noticed a juggernaut
 68453 | Depths:4 | Killed a juggernaut
 68455 | Depths:4 | Reached skill level 23 in Spellcasting
 69200 | Depths:5 | Entered Level 5 of the Depths
 69795 | Depths:5 | Noticed a juggernaut
 69797 | Depths:5 | Killed a juggernaut
 69877 | Depths:5 | Reached XP level 27. HP: 214/214 MP: 41/50
 70405 | Depths:5 | Found a blossoming altar of Fedhas.
 70405 | Depths:5 | Found a sparkling altar of Nemelex Xobeh.
 70406 | Depths:5 | Found a blossoming altar of Fedhas.
 70575 | Depths:5 | Found a gateway to a ziggurat.
 70595 | Depths:5 | Reached skill level 24 in Spellcasting
 70738 | Depths:5 | Found a gate to the Realm of Zot.
 71205 | Vaults:3 | Bought a scroll of blinking for 112 gold pieces
 71205 | Vaults:3 | Bought a scroll of torment for 112 gold pieces
 71410 | D:9      | Bought a scroll of blinking for 240 gold pieces
 71410 | D:9      | Bought a ring of protection for 64 gold pieces
 71653 | Elf:1    | Bought a scroll of blinking for 120 gold pieces
 71653 | Elf:1    | Bought a scroll of teleportation for 48 gold pieces
 71713 | Elf:3    | Bought a scroll of teleportation for 48 gold pieces
 71713 | Elf:3    | Bought a scroll of teleportation for 48 gold pieces
 71713 | Elf:3    | Bought a scroll of magic mapping for 56 gold pieces
 72052 | Vaults:3 | Bought 3 scrolls of teleportation for 171 gold pieces
 72101 | Vaults:3 | Bought a scroll of teleportation for 45 gold pieces
 72101 | Vaults:3 | Bought a scroll of amnesia for 52 gold pieces
 72101 | Vaults:3 | Bought a scroll of amnesia for 52 gold pieces
 72153 | Vaults:5 | Entered Level 5 of the Vaults
 72164 | Vaults:5 | Noticed an ancient lich
 72165 | Vaults:5 | Killed an ancient lich
 72176 | Vaults:5 | Noticed an ancient lich
 72178 | Vaults:5 | Killed an ancient lich
 72205 | Vaults:5 | Reached skill level 25 in Spellcasting
 72712 | Vaults:5 | Got a dazzling flail {venom}
 72821 | Vaults:5 | Got a coiled granite ring
 72850 | Vaults:5 | Got a silver rune of Zot
 72891 | Vaults:5 | Got a twitching glass ring
 73502 | Vaults:5 | Identified the +4 flail of Kiudaaw {venom, MR+ Int+4 SInv} (You took it off a tengu reaver on level 5 of the Vaults)
 73505 | Vaults:5 | Identified the ring "Ygaymp" {MP+9 Int+5} (You found it on level 5 of the Vaults)
 73517 | Vaults:5 | Identified the ring of Day {rPois rC+} (You found it on level 5 of the Vaults)
 73786 | Zot:1    | Entered Level 1 of the Realm of Zot
 73984 | Zot:1    | Learned a level 6 spell: Deflect Missiles
 73986 | Zot:1    | Learned a level 1 spell: Summon Butterflies
 73989 | Zot:1    | Learned a level 2 spell: Swiftness
 74186 | Zot:1    | Got a shimmering crystal plate armour
 74199 | Depths:5 | Identified the +17 crystal plate armour of Icodeg {*Slow rCorr Str-2 Slay+4} (You acquired it on level 1 of the Realm of Zot)
 74212 | Depths:5 | Found the +10 large shield of Ignorance {rN+ Int-4}
 75146 | Zot:2    | Reached skill level 1 in Charms
 75146 | Zot:2    | Reached skill level 1 in Air Magic
 76088 | Zot:3    | Reached skill level 1 in Conjurations
 76674 | Zot:3    | Got an amber-encrusted ring mail
 77112 | Zot:4    | Reached skill level 26 in Spellcasting
 77284 | Zot:4    | Found a runed door.
 77286 | Zot:4    | Noticed Sioxa's ghost (master VSFi)
 77292 | Zot:4    | Killed Sioxa's ghost
 77509 | Zot:4    | Noticed an orb of fire
 77513 | Zot:4    | Killed an orb of fire
 78020 | Zot:5    | Entered Level 5 of the Realm of Zot
 78156 | Zot:5    | Noticed an ancient lich
 78157 | Zot:5    | Killed an ancient lich
 78704 | Zot:5    | Noticed an ancient lich
 78707 | Zot:5    | Killed an ancient lich
 78776 | Zot:5    | Noticed an ancient lich
 78779 | Zot:5    | Killed an ancient lich
 78786 | Zot:5    | Reached skill level 27 in Spellcasting
 78833 | Zot:5    | Noticed an orb of fire
 78841 | Zot:5    | Killed an orb of fire
 78978 | Zot:5    | Noticed an orb of fire
 78985 | Zot:5    | Noticed an orb of fire
 78986 | Zot:5    | Noticed an orb of fire
 78987 | Zot:5    | Noticed an orb of fire
 78988 | Zot:5    | Noticed an orb of fire
 78989 | Zot:5    | Killed an orb of fire
 78991 | Zot:5    | Killed from afar by an orb of fire

Vault maps used:
D:1:      co_arrival_square_in_a_square_in_a_square
D:2:      first_ration, kennysheep_generic_room_6
D:3:      kennysheep_generic_room_4, uniq_jessica
D:4:      overflow_temple_1_default, gammafunk_temple_overflow_forgotten,
          ebering_ghost_rock_garden
D:5:      okawaru_metal_pillars_1_2, serial_shops, kennysheep_little_box,
          evilmike_ruin_ashenzari, uniq_menkaure
D:6:      temple_doors_cd, serial_shops, nicolae_shop_crystal,
          nicolae_dithmenos_shadow_blocks
D:7:      zin_angel, grunt_ogre_cave, lightli_minifort, uniq_crazy_yiuf_cottage
D:8:      serial_shops, shop, nicolae_shop_trees, kennysheep_mini, shop,
          nicolae_shop_behind_doors
D:9:      serial_shops, shop_coins, kennysheep_mini_moat, shop,
          nicolae_shop_waterfront
D:10:     erik_orc_1, basic_altar
D:11:     lair_entry_dummy, serial_shops, freezing_bzr, uniq_grum
D:12:     minmay_tri_stars, enter_trove_3, serial_shops, shop
D:13:     serial_shops, statue_bzr, lemuel_nasty_fountain
D:14:     david_vaults_5, nicolae_ru_the_path_less_chosen, special_room
D:15:     grunt_enter_depths_snipers, serial_bayou_pond_e
Lair:1:   eino_small_chamber_without_monster, serial_bayou_pond_e,
          grunt_megastairs_5
Lair:2:   elwin_shoals_entry_rooms, nicolae_spider_entry_orb_guardian,
          serial_bayou_shore_b
Lair:3:   beast_lair_carwin_9, infiniplex_staircase_pool_2
Lair:4:   basic_altar, nicolae_volcano_entry_batcave,
          grunt_forest_stairs_clearing
Lair:5:   portal_ice_cave_entry_ice_beasts, lemuel_fruit_fields,
          infiniplex_staircase_pool, uniq_nessos
Lair:6:   gammafunk_lair_ancient_temple, dpeg_slime_entry_enclosed_altar,
          kennysheep_rathole
Shoals:1: serial_shops, shop, uniq_josephine, uniq_roxanne
Shoals:2: uniq_aizul, uniq_ilsuiw
Shoals:3: serial_shops, shop, nicolae_shoals_drake_roost
Shoals:4: shoals_end_simple, serial_shops, shop, uniq_polyphemus,
          uniq_bai_suzhen
Spider:1: special_room
Spider:2: guppyfry_spider_mini_1
Spider:3: guppyfry_hornet_nest
Spider:4: spider_rune_water, gammafunk_ghost_necromancy
Orc:2:    grunt_orc_community_town_hall, grunt_orc_community_big_house_1,
          grunt_orc_community_big_house_1, grunt_orc_community_house_3,
          grunt_orc_community_house_3, grunt_orc_community_house_2,
          grunt_orc_community_house_2, grunt_orc_community_house_3
Elf:1:    minmay_elf_arrival_circle, serial_shops, nicolae_shop_trees,
          hangedman_elf_disciples
Elf:2:    serial_shops, shop, uniq_agnes, uniq_donald
Elf:3:    minmay_elf_hall_quartered_circle, serial_shops, shop,
          gammafunk_ghost_cemetery, uniq_jorgrun, uniq_mara
Vaults:1: hangedman_vaults_nodes, v_rooms_1, v_misc_14,
          nicolae_vaults_diagonal_hallway_8,
          hangedman_vaults_stretched_pinwheel, nicolae_vaults_little_ls,
          v_pattern_3, nicolae_vaults_shelves_hall
Vaults:2: vaults_dpeg_diagonal, nicolae_vaults_angled_halls,
          nicolae_vaults_little_squares_2, vaults_room_pool, v_misc_27,
          serial_ice_b, ontoclasm_vaults_twist, nicolae_vaults_little_squares_5,
          nicolae_vaults_mini_display_case, vaults_room_pools,
          vaults_room_fours, vaults_room_boxed, serial_shops,
          nicolae_shop_temple_entry_statues_fountains
Vaults:3: hangedman_vaults_hard_town_square, ontoclasm_vaults_decontamination,
          minmay_crypt_entry_simple_sparse, vaults_dpeg_hooks,
          vaults_room_octagon, v_misc_18, hangedman_vaults_snaps,
          hangedman_vaults_stitches, v_misc_8, v_misc_28, uniq_margery
Vaults:4: dpeg_vaults_monster_box, ontoclasm_vaults_shuriken,
          hangedman_vaults_stretched_pinwheel, nicolae_vaults_asterisk,
          ontoclasm_vaults_claustrophobia, vaults_room_door_hall,
          vaults_room_door_ring, nicolae_vaults_network_quincunx, v_misc_11,
          vaults_room_stairs_pillars, v_misc_30, vaults_room_fancy_cross,
          v_misc_2, serial_shops, shop
Vaults:5: serial_shops
Crypt:1:  grunt_megastairs_1, grunt_crypt_arrival_guarded_gate
Crypt:2:  lemuel_hellish_altar
Crypt:3:  cryptofortress_bobbens
Depths:1: rand_demon_pan_entry_4, hell_entry, grunt_ministairs_6,
          columned_hall_lemuel, minmay_parallelograms, minmay_misc_feat_rows,
          minivault_1, minmay_misc_feat_alley, spider_trap,
          minmay_pinched_square
Depths:2: minmay_bad_star, nicolae_two_hexagons, pan_entry,
          pf_hell_entry_tar_river, minmay_staircase_windowed_small,
          uniq_enchantress, uniq_asterion, uniq_saint_roka
Depths:3: kennysheep_scales, serial_glass, glass_columns_c, glass_columns_a,
          marbit_kobold_abyss_entry, hell_entry, pan_entry,
          hangedman_decor_peaks_small, hallowed_hall, firewood_loft,
          infiniplex_staircase_star
Depths:4: four-leaf_vault, serial_sigils, serial_sigils_hangedman_gnaw,
          serial_sigils_hangedman_gut, serial_sigils_hangedman_quiver,
          serial_sigils_hangedman_snap, pf_dread_powers_of_hell,
          abyss_entry_crystal
Depths:5: hangedman_slaughterboxes, hell_entry
Zot:4:    ebering_ghost_reflecting_pool, grunt_ministairs_11
Bazaar:   bazaar_minmay_snake, bazaar_kb_twisted_cavern
Trove:    trove_jewel_1
IceCv:    ice_cave_small_demon
Volcano:  pf_volcano_lost_world

Skill      XL: |  1  2  3  4  5  6  7  8  9 10 11 12 13 14 15 16 17 18 19 20 21 22 23 24 25 26 27 |
---------------+----------------------------------------------------------------------------------+-----
Spellcasting   | 3 4 5 6 8 9 10 12 13 14 15 16 17 18 19 20 21 22 23 27 | 27.0
Earth Magic    | 3 4 5 6 8 9 10 12 13 14 15 16 18 19 20 21 22 24 | 24.3
Shields        | 1 3 4 6 7 8 9 10 11 12 13 14 15 | 15.0
Fighting       | 5 10 12 14 15 17 20 | 20.2
Dodging        | 5 8 10 12 14 15 16 18 | 18.9
Evocations     | 4 5 8 |  8.8
Staves         | 3 7 9 12 | 12.0
Stealth        | 4 |  4.0
Charms         | 4 |  4.0
Air Magic      | 4 |  4.0
Conjurations   | 4 |  4.0
Transmutations | |  0.7

Action                   |  1- 3 |  4- 6 |  7- 9 | 10-12 | 13-15 | 16-18 | 19-21 | 22-24 | 25-27 || total
-------------------------+-------+-------+-------+-------+-------+-------+-------+-------+-------++-------
Melee: Dagger            |    18 |       |       |       |       |       |       |       |       ||    18
       Hunting sling     |       |       |       |       |     1 |       |       |       |       ||     1
       Staff             |       |       |       |       |       |    26 |    39 |    39 |    94 ||   198
 Fire: Hunting sling     |   104 |    87 |   299 |   636 |   444 |       |       |       |       ||  1570
       Fustibalus        |       |       |       |       |   272 |       |       |       |       ||   272
 Cast: Sandblast         |     3 |       |    36 |     3 |     1 |     3 |       |       |       ||    46
       Lee's Rapid Decon |       |       |    33 |    42 |   177 |   114 |    14 |     2 |    73 ||   455
       Petrify           |       |       |       |     6 |     8 |       |       |       |     2 ||    16
       Bolt of Magma     |       |       |       |     5 |   103 |       |       |       |       ||   108
       Stone Arrow       |       |       |       |       |     4 |       |       |       |       ||     4
       Passwall          |       |       |       |       |    19 |       |       |       |     1 ||    20
       Iron Shot         |       |       |       |       |    84 |   399 |   122 |    94 |   123 ||   822
       Irradiate         |       |       |       |       |       |     2 |       |       |       ||     2
       Shatter           |       |       |       |       |       |       |   280 |   255 |   343 ||   878
       Lehudib's Crystal |       |       |       |       |       |       |       |     5 |   104 ||   109
       Deflect Missiles  |       |       |       |       |       |       |       |       |     2 ||     2
       Swiftness         |       |       |       |       |       |       |       |       |     1 ||     1
Evoke: Wand              |       |       |     3 |       |     3 |     7 |    27 |     2 |     6 ||    48
       Phial of floods   |       |       |       |       |       |       |     1 |     2 |       ||     3
       Lamp of fire      |       |       |       |       |       |       |       |     1 |       ||     1
  Use: Scroll            |    11 |     2 |     4 |    12 |    13 |    10 |     7 |     9 |    24 ||    92
 Stab: Sleeping          |       |       |       |       |       |       |     1 |       |     1 ||     2
Armor: Robe              |    10 |     3 |    19 |    61 |   122 |    67 |    70 |    18 |    31 ||   401
Dodge: Dodged            |    45 |    17 |    77 |    88 |   149 |    68 |    55 |    46 |   146 ||   691
       Deflected         |       |       |       |       |       |       |       |       |     3 ||     3
Block: Other             |       |       |    21 |       |       |       |       |       |       ||    21
       Reflection        |       |       |     1 |    16 |    44 |    66 |    27 |     6 |    27 ||   187
       Shield            |       |       |    29 |   237 |   447 |   229 |   138 |    76 |   148 ||  1304

Table legend:
 A = Spawn XP
 B = Non-spawn XP
 C = Spawn XP percentage of total XP
 D = Spawn monster count
 E = Non-spawn monster count
 F = Spawn count percentage of total count
 G = Total turns spent on level
                    A         B        C        D         E        F      G
               +---------+---------+-------+---------+---------+-------+---------
         Total |       0 | 2134456 |   0.0 |       0 |    2876 |   0.0 | 78991
               +---------+---------+-------+---------+---------+-------+---------
           D:1 |       0 |      14 |   0.0 |       0 |      11 |   0.0 |   567
           D:2 |       0 |      72 |   0.0 |       0 |      22 |   0.0 |   854
           D:3 |       0 |     209 |   0.0 |       0 |      20 |   0.0 |   835
           D:4 |       0 |     764 |   0.0 |       0 |      14 |   0.0 |  1061
           D:5 |       0 |     329 |   0.0 |       0 |      13 |   0.0 |   576
           D:6 |       0 |    1775 |   0.0 |       0 |      34 |   0.0 |  2153
           D:7 |       0 |    2201 |   0.0 |       0 |      42 |   0.0 |  1712
           D:8 |       0 |    2231 |   0.0 |       0 |      28 |   0.0 |  1682
           D:9 |       0 |    1524 |   0.0 |       0 |      21 |   0.0 |  1201
          D:10 |       0 |    4251 |   0.0 |       0 |      58 |   0.0 |  2199
          D:11 |       0 |    8584 |   0.0 |       0 |      48 |   0.0 |  1945
          D:12 |       0 |   15217 |   0.0 |       0 |      39 |   0.0 |  1289
          D:13 |       0 |   10990 |   0.0 |       0 |      35 |   0.0 |  1464
          D:14 |       0 |    7294 |   0.0 |       0 |      44 |   0.0 |   883
          D:15 |       0 |    9072 |   0.0 |       0 |      19 |   0.0 |  1135
        Lair:1 |       0 |    2208 |   0.0 |       0 |      12 |   0.0 |  1196
        Lair:2 |       0 |    5223 |   0.0 |       0 |      18 |   0.0 |  1743
        Lair:3 |       0 |    3151 |   0.0 |       0 |      18 |   0.0 |   964
        Lair:4 |       0 |    5981 |   0.0 |       0 |      26 |   0.0 |  1093
        Lair:5 |       0 |    5526 |   0.0 |       0 |      22 |   0.0 |  1082
        Lair:6 |       0 |   16353 |   0.0 |       0 |      60 |   0.0 |  1572
      Shoals:1 |       0 |   17754 |   0.0 |       0 |      30 |   0.0 |  1420
      Shoals:2 |       0 |   19511 |   0.0 |       0 |      35 |   0.0 |  1320
      Shoals:3 |       0 |   32560 |   0.0 |       0 |      67 |   0.0 |  3383
      Shoals:4 |       0 |   42516 |   0.0 |       0 |      69 |   0.0 |  1505
      Spider:1 |       0 |   26504 |   0.0 |       0 |      95 |   0.0 |   618
      Spider:2 |       0 |   24416 |   0.0 |       0 |      76 |   0.0 |  1503
      Spider:3 |       0 |   11558 |   0.0 |       0 |      28 |   0.0 |  1279
      Spider:4 |       0 |   44225 |   0.0 |       0 |     105 |   0.0 |  1974
         Orc:1 |       0 |    6651 |   0.0 |       0 |      32 |   0.0 |  1031
         Orc:2 |       0 |   11236 |   0.0 |       0 |     108 |   0.0 |  1877
         Elf:1 |       0 |   19885 |   0.0 |       0 |      31 |   0.0 |  1295
         Elf:2 |       0 |   42466 |   0.0 |       0 |      56 |   0.0 |  2067
         Elf:3 |       0 |   76312 |   0.0 |       0 |      52 |   0.0 |  2422
      Vaults:1 |       0 |   49814 |   0.0 |       0 |      87 |   0.0 |  1731
      Vaults:2 |       0 |   56942 |   0.0 |       0 |      93 |   0.0 |  1609
      Vaults:3 |       0 |   76126 |   0.0 |       0 |     107 |   0.0 |  1769
      Vaults:4 |       0 |   54852 |   0.0 |       0 |      79 |   0.0 |  2228
      Vaults:5 |       0 |  197344 |   0.0 |       0 |     141 |   0.0 |  1142
       Crypt:1 |       0 |   32896 |   0.0 |       0 |      61 |   0.0 |  1123
       Crypt:2 |       0 |   27359 |   0.0 |       0 |      47 |   0.0 |  1067
       Crypt:3 |       0 |   68468 |   0.0 |       0 |      91 |   0.0 |  1760
        Tomb:1 |       0 |  219310 |   0.0 |       0 |      94 |   0.0 |  2230
      Depths:1 |       0 |   51859 |   0.0 |       0 |      65 |   0.0 |  1473
      Depths:2 |       0 |   65415 |   0.0 |       0 |      66 |   0.0 |  1583
      Depths:3 |       0 |   51639 |   0.0 |       0 |      60 |   0.0 |  1366
      Depths:4 |       0 |   59009 |   0.0 |       0 |      51 |   0.0 |   957
      Depths:5 |       0 |  148459 |   0.0 |       0 |      88 |   0.0 |  2050
          Hell |       0 |   89465 |   0.0 |       0 |     110 |   0.0 |   670
         Zot:1 |       0 |   39449 |   0.0 |       0 |      29 |   0.0 |  1301
         Zot:2 |       0 |   61853 |   0.0 |       0 |      34 |   0.0 |   638
         Zot:3 |       0 |   71295 |   0.0 |       0 |      44 |   0.0 |  1155
         Zot:4 |       0 |   94605 |   0.0 |       0 |      50 |   0.0 |   929
         Zot:5 |       0 |  127677 |   0.0 |       0 |      41 |   0.0 |   971
         IceCv |       0 |    4130 |   0.0 |       0 |      25 |   0.0 |   800
       Volcano |       0 |    7927 |   0.0 |       0 |      25 |   0.0 |  1230
               +---------+---------+-------+---------+---------+-------+---------
